 Dungeon Crawl Stone Soup version 0.17-a0-1778-gd369669 (webtiles) character file.

333 Medar the Sneak (level 6, -1/38 HPs)
             Began as an Octopode Transmuter on Sept 8, 2015.
             Slain by a gnoll
             ... wielding a +3 spear of chaos
              (6 damage)
             ... on level 3 of the Dungeon.
             The game lasted 00:14:52 (6245 turns).

Medar the Sneak (Octopode Transmuter)               Turns: 6245, Time: 00:14:53

Health: -1/38      AC:  1    Str: 10    XL:     6   Next: 52%
Magic:  7/10       EV: 12    Int: 17    God:
Gold:   154        SH:  0    Dex: 12    Spells: 3 memorised, 4 levels left

rFire  + . .     SeeInvis .       - Unarmed
rCold  + + .     Clarity  .     (no shield)
rNeg   . . .     SustAt   .     (helmet restricted)
rPois  +         Gourm    .     (no amulet)
rElec  +         Spirit   .     n - ring of protection from cold
rCorr  +         Warding  .     q - ring of flight
rMut   .         Stasis   .     m - ring of protection from magic
MR     +....                    (no ring)
Stlth  ++++......               (no ring)
                                (no ring)
                                (no ring)
                                (no ring)

@: lethally poisoned (-1 -> -8), appendage (expiring), resistant, very slightly
contaminated, hasted and slowed, invisible, somewhat resistant to hostile
enchantments, stealthy
A: almost no armour, amphibious, 8 rings, constrict 8, tentacle spike 3,
camouflage 1, gelatinous body 1
a: End Transformation, Evoke Flight


You were on level 3 of the Dungeon.
You were near starving.
One of your tentacles had a temporary spike.
You visited 1 branch of the dungeon, and saw 4 of its levels.

You collected 154 gold pieces.

Inventory:

Missiles
 g - 7 tomahawks (quivered)
 l - 3 javelins
Jewellery
 m - a ring of protection from magic (on tentacle)
 n - a ring of protection from cold (left tentacle)
 q - a ring of flight (right tentacle)
Scrolls
 i - a scroll of amnesia {unknown}
 j - a scroll of noise {unknown}
 p - a scroll of magic mapping {unknown}
 s - a scroll of recharging {unknown}
 t - a scroll of random uselessness {unknown}
Potions
 a - a potion of brilliance
 e - a potion of agility
Books
 b - a book of Changes

   Spells                             Type                      Level
   a - Beastly Appendage              Transmutation                1
   b - Sticks to Snakes               Transmutation                2
   c - Spider Form                    Transmutation/Poison         3
   d - Ice Form                       Ice/Transmutation            4
   e - Blade Hands                    Transmutation                5
Comestibles
 c - 3 bread rations {@e1}
 o - 3 fruits
 r - a meat ration {@e2}


   Skills:
 - Level 1.0 Fighting
 - Level 2.0 Dodging
 - Level 6.3 Stealth
 - Level 3.0 Unarmed Combat
 + Level 2.6 Spellcasting
 - Level 4.0 Transmutations
 - Level 2.0 Poison Magic


You had 4 spell levels left.
You knew the following spells:

 Your Spells              Type           Power        Failure   Level  Hunger
d - Sticks to Snakes      Trmt           ###.......   6%          2    ##.....
f - Spider Form           Trmt/Pois      ##........   17%         3    ###....
s - Beastly Appendage     Trmt           ###...       3%          1    #......


Dungeon Overview and Level Annotations

Branches:
Dungeon (4/15)
 Temple: D:4-7

Altars:
Vehumet

Annotations:
D:3 chaos, Medar's ghost, weakling OpTm
D:4 exclusions: giant newt and scorpion, Pikel


Innate Abilities, Weirdness & Mutations

You cannot wear most types of armour.
You are amphibious.
You can wear up to eight rings at the same time.
You can use your tentacles to constrict eight enemies at once.
Your skin changes colour to match your surroundings (Stealth).
Your rubbery body absorbs attacks (AC +1).
One of your tentacles bears a large vicious spike.


Message History

You can move again.
Unknown command.
Drink which item? (? for menu, Esc to quit)
It was a potion of resistance.
You feel protected.
* * * LOW HITPOINT WARNING * * *
You feel sick.
The gnoll hits you with a spear of chaos.
* * * LOW HITPOINT WARNING * * *
You feel yourself slow down.
Drink which item? (? for menu, Esc to quit)
It was a potion of haste.
You feel yourself speed up.
* * * LOW HITPOINT WARNING * * *
You feel sick. The gnoll hits you but does no damage.
Drink which item? (? for menu, Esc to quit)
It was a potion of invisibility.
You fade into invisibility!
Your transformation is almost over.
The gnoll hits you with a spear of chaos.
You die...

........#.# #.#.# #.#.# #<#.#
.##..####.# #.#.# #.#.# #.#.#
.##...###.###...# #.#.# #.#.#
..##).##........###.#.######.#.#
.....................#W......#.#
..##..###.####.####.#.########.#
.###..###.# ##.## #.#.......[..#
..........###.#.###.############
.###..######.###@##.# .#
#..##....## ##g..# ## .#
#.....###.###.#### #. .# #.#####
##.#g## ######. .# #.# ##.##
#.....(. .###.# #.# #.######
.....# ... ### .##### ..... #..
.# ##...#. #..


You could see a gnoll.

Vanquished Creatures
  Sigmund (D:2)
  2 worker ants (D:4)
  3 adders
  A gnoll (D:3)
  An ooze (D:2)
  4 worms
  10 bats
  4 giant cockroaches
  7 goblins
  9 hobgoblins
  4 jackals (D:1)
  10 kobolds
  4 quokkas
  3 giant geckos
  2 giant newts
  A jackal skeleton (D:2)
  8 rats
74 creatures vanquished.

Vanquished Creatures (collateral kills)
  An adder (D:2)
  An orc (D:3)
  2 hobgoblins (D:2)
  A bat (D:2)
5 creatures vanquished.

Vanquished Creatures (others)
  An adder (D:2)
  A hobgoblin (D:2)
2 creatures vanquished.

Grand Total: 81 creatures vanquished

Notes
Turn   | Place    | Note
--------------------------------------------------------------
     0 | D:1      | Medar the Octopode Transmuter began the quest for the Orb.
     0 | D:1      | Reached XP level 1. HP: 13/13 MP: 3/3
   243 | D:1      | Reached XP level 2. HP: 18/18 MP: 3/5
   591 | D:1      | Learned a level 2 spell: Sticks to Snakes
   698 | D:1      | Reached skill level 1 in Stealth
   877 | D:1      | Reached XP level 3. HP: 21/23 MP: 6/6
   885 | D:1      | Learned a level 3 spell: Spider Form
   987 | D:2      | Reached skill level 1 in Poison Magic
  2128 | D:2      | Noticed Sigmund
  2410 | D:2      | Found a radiant altar of Vehumet.
  2595 | D:2      | Reached XP level 4. HP: 21/28 MP: 7/7
  2773 | D:3      | Noticed Medar's ghost (weakling OpTm)
  3965 | D:2      | Reached skill level 4 in Transmutations
  4341 | D:3      | Reached XP level 5. HP: 21/33 MP: 0/8
  4599 | D:2      | Killed Sigmund
  4599 | D:2      | Reached skill level 6 in Stealth
  4599 | D:2      | Reached XP level 6. HP: 13/38 MP: 2/9
  4984 | D:4      | Noticed Pikel
  6239 | D:3      | Paralysed by a gnoll for 3 turns
  6245 | D:3      | Slain by a gnoll

Vault maps used:
D:1:      minmay_arrival_cross
D:2:      fiery_altar_vehumet, uniq_sigmund
D:3:      tgw_xom
D:4:      first_bread, serial_forest, infiniplex_forest_lined_4_way,
          infiniplex_forest_straight_3, infiniplex_forest_clump_large,
          infiniplex_forest_lined_corner, infiniplex_forest_clump_double,
          infiniplex_forest_straight_4, infiniplex_forest_lined_room_3,
          minmay_misc_feat_doors, uniq_pikel

Action                   |  1- 3 |  4- 6 || total
-------------------------+-------+-------++-------
Melee: Unarmed           |    83 |    94 ||   177
Throw: Tomahawk          |     1 |       ||     1
 Cast: Beastly Appendage |    17 |    15 ||    32
       Sticks to Snakes  |     6 |     6 ||    12
       Spider Form       |     1 |     2 ||     3
  Use: Potion            |       |     5 ||     5
       Scroll            |       |     5 ||     5
 Stab: Sleeping          |    13 |     8 ||    21
       Distracted        |     1 |     1 ||     2
  Eat: Chunk             |     4 |    11 ||    15
       Beef jerky        |     1 |       ||     1
